Valery, neutral female human Valkyrie --- -------.--- ---- --.|.|.....-- |..--|.<.........| |.@.||...^......-- |h.----........-- |.-- |-..... |.| --...... |.| |....... .-- --.| |.^..... --.|.|..| |--..... ----.......-- |...|.-- |...........|--.----- |.|...--..|.|...- ----..|--.|...... ------..--... |....||... --...||... -----|..| ---- Valery the Skirmisher Experience level: 4 Strength: 18/01 Dexterity: 11 Constitution: 18 Intelligence: 9 Wisdom: 8 Charisma: 10 Health: 0(45) Energy: 7(7) Def: 1 Gold: 454 Moves: 1860 Dungeon seed: uZmhyzMpM6CYvB3x Game ID: Valery_1500377877 Your Inventory: Coins $ - 454 gold pieces Weapons a - a blessed +1 long sword (weapon in hand) b - a +0 dagger i - a +0 dwarvish mattock (alternate weapon; not wielded) j - 5 +0 daggers s - a +0 sling z - a +0 aklys A - 11 +0 shuriken (in quiver) D - 4 +2 daggers Armor e - a blessed +3 small shield q - an uncursed +0 orcish helm (being worn) Comestibles c - 2 uncursed food rations g - 3 uncursed lichen corpses v - 2 uncursed tins of spinach Scrolls u - an uncursed scroll of destroy armor B - an uncursed scroll of identify Potions d - 2 uncursed potions of paralysis p - an uncursed potion of blindness w - an uncursed potion of sleeping Rings o - an uncursed ring of hunger Wands h - a wand of speed monster (0:7) Tools x - an uncursed skeleton key C - 3 uncursed tallow candles (0:200) Gems n - an uncursed amber stone r - 38 uncursed rocks y - an uncursed touchstone N - an uncursed emerald Spells and supernatural/magical abilities: Name Level Category Fail Memory W - pray for help -- divine ? -- Your skills at the end: Fighting Skills Weapon Skills dagger [Basic] long sword [Basic] Spellcasting Skills Final Attributes: You were piously aligned. You were cold resistant. You were stealthy. You are dead. Vanquished creatures: a shrieker 2 gnome lords a homunculus an acid blob a gas spore 2 hobbits 2 cave spiders 2 yellow molds 2 gnomes a gecko 2 jackals a fox 3 goblins 2 sewer rats 2 grid bugs a bat 4 lichens 3 newts 33 creatures vanquished. Voluntary challenges: You were an atheist. You used a wielded weapon 27 times, starting on turn 98. You were illiterate. You never genocided any monsters. You never polymorphed an object. You never changed form. You used no wishes. You never split a pudding. You never wrote Elbereth's name. You never violated your personal moral code. Dungeon overview: The Dungeons of Doom: levels 1 to 4 Level 1 some fountains a long staircase Level 2 a fountain Level 3 a fountain Level 4 some fountains stairs to The Gnomish Mines The Gnomish Mines: Level 5 <- You were here stairs to The Dungeons of Doom History has recorded: On T:1 you entered the Dungeons of Doom to retrieve the Amulet of Yendor! On T:279 you reached level 2 of The Dungeons of Doom. On T:297 you advanced to experience level 2. On T:1098 you advanced to experience level 3. On T:1104 you reached level 3 of The Dungeons of Doom. On T:1343 you reached level 4 of The Dungeons of Doom. On T:1632 you reached level 1 of The Gnomish Mines. On T:1649 you advanced to experience level 4. Score breakdown: Gold: 454 ( 9041 points) Experience: 4 levels ( 9649 points) Exploration: 5 levels ( 9.62%) ( 8401 points) Discoveries: 1 item ( 0.41%) ( 1912 points) Valuables value: (no points given unless you survive) Artifact value: 0 ( 0 points) Variety of kills: 18 monsters ( 4.72%) ( 6520 points) Turncount: 1860 turns ( 0 points) Survival: died (score multiplied by 80%) Total score: 28418 Latest messages: You stop. Baubau is in the way! (2x) You displace Baubau. (2x) You hear some noises. You hear some noises in the distance. You hear some noises. You displace Baubau. The dwarf lord thrusts his dagger. The dwarf lord hits! The dwarf lord thrusts his dagger. The dwarf lord hits! The gnome hits! h - a balsa wand. The dwarf lord is suddenly moving faster. The dwarf lord thrusts his dagger. The dwarf lord hits! The dwarf lord thrusts his dagger. The dwarf lord hits! The dwarf lord thrusts his dagger. The dwarf lord hits! The dwarf lord thrusts his dagger. The dwarf lord hits! You die... Final status: Farvel Valery the Valkyrie, killed by a dwarf lord... You died in The Gnomish Mines on dungeon level 5 with 28418 points, and 454 pieces of gold, after 1860 moves. You were level 4 with a maximum of 45 hit points when you died.